 Dungeon Crawl Stone Soup version 0.29.1-2-gbd0b4ee654 (webtiles) character file.

Game seed: 5073969014514889235

406 DemonSlayer the Magician (level 6, -11/41 HPs)
             Began as a Demonspawn Fire Elementalist on Nov 10, 2022.
             Killed by divine providence
             ... invoked by an orc priest
              (13 damage)
             ... on level 4 of the Dungeon.
             The game lasted 00:06:52 (2025 turns).

DemonSlayer the Magician (DsFE)                     Turns: 2025, Time: 00:06:53

Health: -11/41     AC:  6    Str:  9    XL:     6   Next: 56%
Magic:  8/12       EV: 10    Int: 24    God:
Gold:   186        SH:  0    Dex: 13    Spells: 8/13 levels left

rFire   + . .      SeeInvis .   e - +0 hand axe
rCold   + . .      Faith    .   (no shield)
rNeg    . . .      Spirit   .   j - +1 ring mail {rC+}
rPois   .          Reflect  .   (no helmet)
rElec   .          Harm     .   (no cloak)
rCorr   .          Rampage  .   (no gloves)
Will    .....                   (no boots)
Stlth   +.........              m - amulet of magic regeneration
HPRegen 0.13/turn               a - +6 ring of intelligence
MPRegen 0.66/turn               b - ring of protection from fire

@: hasted, very quick
A: claws 1, hooves 1, magic regeneration
a: no special abilities


You were on level 4 of the Dungeon.
You visited 1 branch of the dungeon, and saw 4 of its levels.

You collected 186 gold pieces.

Inventory:

Hand Weapons
 e - a +0 hand axe (weapon)
 s - a +0 trident of freezing
Missiles
 f - 6 poisoned darts
Armour
 j - a +1 ring mail of cold resistance (worn)
Jewellery
 a - a +6 ring of intelligence (left claw)
 b - a ring of protection from fire (right claw)
 c - a +4 ring of protection
 m - an amulet of magic regeneration (around neck)
 p - a ring of poison resistance
Wands
 r - a wand of roots (9)
Scrolls
 d - 3 scrolls of identify {unknown}
 g - a scroll of poison {unknown}
 h - a scroll of teleportation {unknown}
 i - a scroll of immolation {unknown}
 n - 3 scrolls of enchant weapon {unknown}
 o - a scroll of torment {unknown}
 q - a scroll of magic mapping {unknown}
 u - a scroll of vulnerability {unknown}
 v - a scroll of amnesia {unknown}


   Skills:
 + Level 1.2 Armour
 + Level 1.7 Dodging
 + Level 2.2 Stealth
 + Level 4.2 Spellcasting
 + Level 3.2 Conjurations
 + Level 4.2 Fire Magic


You had 8 spell levels left.
You knew the following spells:

 Your Spells              Type           Power      Damage    Failure   Level
a - Foxfire               Conj/Fire      92%        2x1d8     5%          1
b - Scorch                Fire           50%        2d8       7%          2
c - Ensorcelled Hibernat  Hex/Ice        10%        N/A       38%         2

Your spell library contained the following spells:

 Spells                   Type           Power      Damage    Failure   Level
 Conjure Flame            Conj/Fire      23%        6-21      17%         3
 Inner Flame              Hex/Fire       15%        N/A       32%         3
 Flame Wave               Conj/Fire      23%        2d8       50%         4
 Spider Form              Tmut/Pois      5%         N/A       63%         3
 Anguish                  Hex/Necr       2%         N/A       95%         4


Dungeon Overview and Level Annotations

Branches:
Dungeon (4/15)
 Temple: D:4-7

Altars:

Shops:
D:4 :


Innate Abilities, Weirdness & Mutations

You have sharp fingernails.
You have large cloven feet.
You regenerate magic rapidly.


Message History

The orc priest hits you with a +0 flail.
You hit the orc priest.
The orc priest is lightly wounded.
You hit the orc priest but do no damage.
You hit the hobgoblin but do no damage.
The hobgoblin hits you but does no damage.
The orc priest hits you with a +0 flail.
* * * LOW HITPOINT WARNING * * *
The orc priest hits you but does no damage.
The hobgoblin barely misses you.
The orc priest hits you with a +0 flail.
* * * LOW HITPOINT WARNING * * *
The orc priest hits you with a +0 short sword.
* * * LOW HITPOINT WARNING * * *
It was a potion of attraction.
You feel attractive to monsters. The hobgoblin barely misses you.
The orc priest hits you but does no damage.
The orc priest hits you with a +0 short sword.
* * * LOW HITPOINT WARNING * * *
It was a potion of cancellation.
Your magical effects are unravelling.
You feel magically purged.
Your magical contamination has completely faded away.
The orc priest is no longer more vulnerable to fire.
The hobgoblin hits you but does no damage.
The orc priest mumbles some strange prayers to Beogh against you.
You barely resist. The orc priest misses you.
You feel less attractive to monsters.
Unknown command.
Unknown command.
Unknown command.
It was a potion of haste.
You feel yourself speed up. The hobgoblin closely misses you.
The orc priest calls down the wrath of Beogh upon you.
You barely resist.
The orc priest hits you but does no damage.
The orc priest invokes the aid of Beogh against you.
Beogh smites you!
You die...

### .#. ...... #.#..#
#.#..# ###### #
#....#.#....# ###
#.#o.....#.##.####..
###.#g######.##......#
#...o.#....#.#...>...#
#####@#.##.#..........
#......#.....#...###
#.###..#######...#
#......#######...###
#####........#......
#......#.#..####
#.####.#.#......
#......#.#...##.
######.#.#...##.


You could see 2 orc priests and a hobgoblin.

Vanquished Creatures
  2 ogres (D:4)
  A scorpion (D:4)
  A hound (D:4)
  2 iguanas (D:4)
  4 gnolls
  An adder (D:4)
  A worm (D:2)
  3 orcs
  2 ball pythons
  5 endoplasms
  A giant cockroach (D:1)
  2 goblins
  5 hobgoblins
  3 kobolds
  2 quokkas
  2 bats
  A frilled lizard (D:2)
  2 rats (D:1)
40 creatures vanquished.

Vanquished Creatures (others)
  174 foxfires
174 creatures vanquished.

Grand Total: 214 creatures vanquished

Notes
Turn   | Place    | Note
-------+----------+-------------------------------------------
     0 | D:1      | DemonSlayer the Demonspawn Fire Elementalist began the
                  | quest for the Orb.
     0 | D:1      | Reached XP level 1. HP: 13/13 MP: 3/3
   195 | D:1      | Found a faded altar of an unknown god.
   317 | D:1      | Discovered your monstrous ancestry.
   317 | D:1      | Gained mutation: You have large cloven feet. [demonic
                  | ancestry]
   317 | D:1      | Reached XP level 2. HP: 19/19 MP: 5/5
   320 | D:1      | Learned a level 2 spell: Scorch
   785 | D:1      | Learned a level 2 spell: Ensorcelled Hibernation
   943 | D:2      | Gained mutation: You regenerate magic rapidly. [demonic
                  | ancestry]
   943 | D:2      | Reached XP level 3. HP: 24/24 MP: 4/6
   963 | D:2      | You fall into a shaft and drop 2 floors!
  1162 | D:4      | Gained mutation: You have sharp fingernails. [demonic
                  | ancestry]
  1162 | D:4      | Reached XP level 4. HP: 30/30 MP: 5/8
  1292 | D:4      | Noticed an ogre
  1297 | D:4      | Killed an ogre
  1298 | D:4      | Reached XP level 5. HP: 35/35 MP: 5/10
  1317 | D:4      | Reached XP level 6. HP: 40/41 MP: 5/11
  1575 | D:4      | Reached skill level 1 in Armour
  1675 | D:4      | Found Laicajy's Book Emporium.
  2020 | D:4      | HP: 2/41 [orc priest/+0 short sword (2)]
  2025 | D:4      | Killed from afar by an orc priest

Illustrated notes

Levels and vault maps discovered:
D:1:      mrwooster_arrival_statue_2, layout_rooms,
          shapermc_ecumenical_altar_venn
D:2:      layout_rooms
D:3:      layout_basic, serial_park_tiny_2
D:4:      layout_basic, serial_shops, shop_statue

Skill      XL: |  1  2  3  4  5  6 |
---------------+-------------------+-----
Fire Magic     | 3 4 |  4.2
Stealth        | 2 |  2.2
Spellcasting   | 3 4 |  4.2
Conjurations   | 2 3 |  3.2
Armour         | 1 |  1.2
Dodging        | |  1.7

Action                   |  1- 3 |  4- 6 || total
-------------------------+-------+-------++-------
Melee: Hand axe          |     7 |     5 ||    12
       Unarmed           |     2 |       ||     2
       Kick              |     2 |     2 ||     4
 Cast: Foxfire           |    64 |    39 ||   103
       Scorch            |       |    24 ||    24
  Use: Potion            |     1 |     3 ||     4
 Stab: Sleeping          |     1 |       ||     1
Armor: Leather armour    |     2 |       ||     2
       Ring mail         |     5 |     8 ||    13
Dodge: Dodged            |     7 |    11 ||    18
